 Dungeon Crawl Stone Soup version 0.27.1-33-g824d729ab1 (webtiles) character file.

Game seed: 14712222359845812162

32 belegose the Magician (level 3, 0/28 HPs)
             Began as a Djinni Wanderer on Dec 3, 2021.
             Slain by Terence (4 damage)
             ... on level 2 of the Dungeon.
             The game lasted 00:02:13 (1064 turns).

belegose the Magician (Djinni Wanderer)             Turns: 1064, Time: 00:02:13

Health: 0/28       AC:  2    Str: 10    XL:     3   Next: 45%
Gold:   22         EV: 12    Int: 14    God:
                   SH:  4    Dex: 13

rFire    + + .     SeeInvis .   a - +2 falchion
rCold    x . .     Faith    .   c - +0 buckler
rNeg     . . .     Spirit   .   d - +0 robe
rPois    ∞         Reflect  .   (no helmet)
rElec    .         Harm     .   (no cloak)
rCorr    .         Rampage  .   (no gloves)
Will     .....                  (boots unavailable)
Stlth    +.........             (no amulet)
HPRegen  0.09/turn              (no ring)
MPRegen  0.00/turn              (no ring)

@: flying
A: sickness immunity, fire resistance 2, cold vulnerability 1, float, innate
caster, hp casting, extra vitality 1
a: no special abilities


You were on level 2 of the Dungeon.
You visited 1 branch of the dungeon, and saw 2 of its levels.

You collected 22 gold pieces.

Inventory:

Hand Weapons
 a - a +2 falchion (weapon)
Missiles
 e - 41 stones (quivered)
Armour
 c - a +0 buckler (worn)
 d - a +0 robe (worn)
Scrolls
 f - a scroll of vulnerability {unknown}
 g - a scroll of identify {unknown}
 h - a scroll of acquirement {unknown}
 i - a scroll of noise {unknown}
Potions
 b - a potion of curing
 j - a potion of haste {unknown}


   Skills:
 + Level 1.9 Fighting
 - Level 1.7 Long Blades
 - Level 2.1 Dodging
 + Level 2.6 Shields
 + Level 2.8 Spellcasting


You had 6 spell levels left.
You knew the following spells:

 Your Spells              Type           Power      Damage    Failure   Level
a - Beastly Appendage     Tmut           18%        N/A       9%          1
Your spell library was empty.

Dungeon Overview and Level Annotations

Branches:
Dungeon (2/15)

Altars:

Annotations:
D:2 Terence


Innate Abilities, Weirdness & Mutations

You are immune to sickness and miasma.
You are immune to poison.
Your flesh is very heat resistant. (rF++)
You are vulnerable to cold. (rC-)
You float through the air rather than walking.
You learn spells naturally, not from books.
Your magical power is your life essence.
You have superior vitality. (+4 HP)


Message History

The hobgoblin is severely wounded.
The hobgoblin misses you.
You riposte.
You slash the hobgoblin!
You kill the hobgoblin!
There is a stone staircase leading up here.
You fly upwards.
There is a stone staircase leading down here.
Unknown command.
There is a stone staircase leading down here.
You fly downwards.
There is a stone staircase leading up here.
Terence shouts!
A goblin comes into view. It is wielding a +0 dagger.
A rat comes into view.
Terence hits you but does no damage. You block Terence's attack.
You closely miss the goblin. The goblin hits you with a +0 dagger.
Terence screams, "I want your blood!" Terence hits you with a +0 short sword!
The goblin completely misses you.
You hit Terence.
Terence is lightly wounded.
You block the rat's attack. Terence hits you with a +0 short sword.
The goblin hits you but does no damage. The rat misses you.
Terence hits you with a +0 short sword!
* * * LOW HITPOINT WARNING * * *
You are too injured to fight recklessly!
You are too injured to fight recklessly!
You are too injured to fight recklessly!
Unknown command.
You are too injured to fight recklessly!
You are too injured to fight recklessly!
You hit the rat.
You kill the rat!
The goblin closely misses you.
You riposte.
You barely miss the goblin. You block Terence's attack.
Found a fuming dark potion.
The goblin hits you with a +0 dagger.
* * * LOW HITPOINT WARNING * * *
You closely miss the goblin. The goblin hits you with a +0 dagger.
* * * LOW HITPOINT WARNING * * *
Terence hits you with a +0 short sword.
You die...

#...# #.....#
#..###### #.
#.....# #<.......
#. #.....#
#########
#.##.....#
#..#.....#
#.#.....#######
#.....@........
###....g@.......
#<..............
#................
#....##........!.
#.....#..........
#...#......######
+..........#
#..........#
#...##...###


You could see Terence and a goblin.

Vanquished Creatures
  A dart slug (D:1)
  2 endoplasms (D:1)
  A giant cockroach (D:1)
  4 goblins (D:1)
  A hobgoblin (D:2)
  2 kobolds (D:1)
  2 quokkas (D:1)
  7 ball pythons (D:1)
  4 bats (D:1)
  2 frilled lizards (D:1)
  2 rats
28 creatures vanquished.

Notes
Turn   | Place    | Note
-------+----------+-------------------------------------------
     0 | D:1      | belegose the Djinni Wanderer began the quest for the Orb.
     0 | D:1      | Reached XP level 1. HP: 17/17 MP: 0/0
   199 | D:1      | Reached XP level 2. HP: 22/22 MP: 0/0
   262 | D:1      | Found a faded altar of an unknown god.
   597 | D:1      | Reached XP level 3. HP: 28/28 MP: 0/0
   597 | D:1      | Learned a level 1 spell: Beastly Appendage
  1052 | D:2      | Noticed Terence
  1064 | D:2      | Slain by Terence

Illustrated notes

Levels and vault maps discovered:
D:1:      dpeg_arrival_pond, layout_loops_ring,
          ebering_ecumenical_altar_abandoned
D:2:      layout_basic, kennysheep_cross_bottleneck, nrook_mini_vaults,
          kennysheep_generic_room_10, uniq_terence

Action                   || total
-------------------------++-------
Melee: Falchion          ||    55
 Stab: Sleeping          ||     3
Armor: Robe              ||    10
Dodge: Dodged            ||    35
Block: Buckler           ||    21
       Rpst.: Falchion   ||    12
